 Dungeon Sprint DCSS version 0.21-a0-522-ga8338f0 (webtiles) character file.

16 Kidiri the Magician (level 2, -3/22 HPs)
             Began as a Deep Elf Fire Elementalist on Dec 6, 2017.
             Slain by a human (5 damage)
             ... in the Dungeon (Sprint III: "The Ten Rune Challenge").
             The game lasted 00:00:42 (139 turns).

Kidiri the Magician (Deep Elf Fire Elementalist)     Turns: 139, Time: 00:00:43

Health: -3/22      AC:  2    Str: 10    XL:     2   Next: 41%
Magic:  5/10       EV: 13    Int: 19    God:
Gold:   7          SH:  0    Dex: 15    Spells: 11/12 levels left

rFire    . . .     SeeInvis .   (no weapon)
rCold    . . .     Gourm    .   (no shield)
rNeg     . . .     Faith    .   a - +0 robe
rPois    .         Spirit   .   (no helmet)
rElec    .         Reflect  .   (no cloak)
rCorr    .         Harm     .   (no gloves)
MR       .....     NoTele   +   (no boots)
Stlth    ..........             (no amulet)
HPRegen  0.07/turn              (no ring)
MPRegen  0.12/turn              (no ring)

@: berserking (expiring), very quick
A: no striking features
a: no special abilities


You were in the Dungeon.
You were not hungry.

You visited 1 branch You collected 7 gold pieces.

Inventory:

Armour
 a - a +0 robe (worn)
 k - a +1 chain mail of cold resistance
Scrolls
 i - a scroll of blinking
Potions
 d - a potion of curing
 f - a potion of haste
 g - 2 potions of magic
Books
 b - a book of Flames

   Spells                             Type                      Level
   a - Flame Tongue                   Conjuration/Fire             1
   b - Throw Flame                    Conjuration/Fire             2
   c - Conjure Flame                  Conjuration/Fire             3
   d - Inner Flame                    Hexes/Fire                   3
   e - Sticky Flame                   Conjuration/Fire             4
   f - Fireball                       Conjuration/Fire             5
Comestibles
 c - a bread ration
 j - 3 chunks of flesh


   Skills:
 - Level 2.4 Dodging
 - Level 2.4 Stealth
 * Level 5.5 Spellcasting
 + Level 2.8 Conjurations
 + Level 4.2 Fire Magic


You had 11 spell levels left.
You knew the following spells:

 Your Spells              Type           Power        Failure   Level  Hunger
a - Flame Tongue          Conj/Fire      ###..        2%          1    None


Dungeon Overview and Level Annotations

Branches:
Dungeon (1/1)

Altars:


Message History

You feel much better. The wolf misses you. The wolf bites you.
Ouch! That really hurt!
A red film seems to cover your vision as you go berserk!
You feel yourself moving faster!
You feel mighty! The wolf closely misses you.
You hit the wolf.
You kill the wolf!
Your Spellcasting skill increases to level 5!
Your Conjurations skill increases to level 2!
Your Fire Magic skill increases to level 4!
You have reached level 2!
The human barely misses you.
You closely miss the human. You hit the human.
The human is lightly wounded.
The human hits you!
* * * LOW HITPOINT WARNING * * *
You punch the human!
The human is moderately wounded.
The human hits you.
You die...

▓..÷..#
▓.....#...≈≈♣.
▓.....#..≈≈≈≈.
▓####'#..≈≈≈≈≈
▓.....#.≈≈≈≈≈≈
▓.....#.≈≈≈≈≈.
▓.....#.≈≈≈...
▓'#####.......
▓.....@p......
▓▓▓▓▓▓▓▓▓▓▓▓▓▓


You could see a human.

Vanquished Creatures
  A wolf (D)
  4 rats (D)
5 creatures vanquished.

Vanquished Creatures (others)
  A hellion (D)
  2 plants (D)
3 creatures vanquished.

Grand Total: 8 creatures vanquished

Notes
Turn   | Place    | Note
-------+----------+-------------------------------------------
     0 | D        | Kidiri the Deep Elf Fire Elementalist began the quest for the Orb.
     0 | D        | Reached XP level 1. HP: 10/10 MP: 6/6
    99 | D        | Killed a hellion
   104 | D        | Reached skill level 4 in Spellcasting
   127 | D        | Noticed a wolf
   135 | D        | Killed a wolf
   135 | D        | Reached skill level 5 in Spellcasting
   135 | D        | Reached XP level 2. HP: 10/15 MP: 5/10
   139 | D        | Slain by a human

Vault maps used:
D:        dungeon_sprint_mu

Skill      XL: |  1 |
---------------+----+-----
Spellcasting   | 5 |  5.5
Conjurations   | 2 |  2.8
Fire Magic     | 4 |  4.2
Dodging        | |  2.4
Stealth        | |  2.4

Action                   || total
-------------------------++-------
Melee: Unarmed           ||     4
 Cast: Flame Tongue      ||    10
  Use: Potion            ||     2
Dodge: Dodged            ||     5

Table legend:
 A = Spawn XP
 B = Non-spawn XP
 C = Spawn XP percentage of total XP
 D = Spawn monster count
 E = Non-spawn monster count
 F = Spawn count percentage of total count
 G = Total turns spent on level
                    A         B        C        D         E        F      G
               +---------+---------+-------+---------+---------+-------+---------
         Total |       0 |      24 |   0.0 |       0 |       5 |   0.0 |   139
               +---------+---------+-------+---------+---------+-------+---------
             D |       0 |      24 |   0.0 |       0 |       5 |   0.0 |   139
               +---------+---------+-------+---------+---------+-------+---------
